cohdb
Replays
Latest Replays
All Replays
Popular Replays
Top Player Replays
Match Explorer
How It Works
Community
CoH3 Stats
Reddit
Sign in to upload your games and track your stats! →
Sign in with Steam
Match 41128786
Unlisted
Match 41128786
Overview
Messages
Build Orders
End
Construct Barracks
Selects Special Operations Battlegroup
Riflemen Squad
Riflemen Squad
Riflemen Squad
Grenade Package
Selects M29 Weasel with M1 Pack Howitzer
M29 Weasel with M1 Pack Howitzer
Construct Medical Station
Infantry Support Center
M1918 Browning Automatic Rifles
Riflemen Squad
Selects P-47 Anti-Infantry Loiter
Construct Tank Depot
P-47 Anti-Infantry Loiter
Selects UNKNOWN (2162291)
Selects Smoke Screen
[EPIC]SAGEKING
Potato Ball Sack
SASU
Dumplings
McVodka
HuntingEVER
0
0
Comments
sign in to comment!
No comments posted yet!